 Dungeon Crawl Stone Soup version 0.28.0-45-g0d030f2227 (webtiles) character file.

Game seed: 2534963365472568836

373 Descartes the Ruffian (level 6, -17/55 HPs)
             Began as a Troll Warper on Apr 5, 2022.
             Demolished by an ogre
             ... wielding a +0 giant spiked club
              (33 damage)
             ... on level 4 of the Dungeon.
             The game lasted 00:04:39 (2753 turns).

Descartes the Ruffian (Troll Warper)                Turns: 2753, Time: 00:04:40

Health: -17/55     AC:  4    Str: 20    XL:     6   Next: 43%
Magic:  6/6        EV: 10    Int: 11    God:
Gold:   137        SH:  0    Dex:  9    Spells: 7/7 levels left

rFire   . . .      SeeInvis .     - Unarmed
rCold   . . .      Faith    .   (no shield)
rNeg    . . .      Spirit   .   a - +0 robe
rPois   .          Reflect  .   (helmet restricted)
rElec   .          Harm     .   (no cloak)
rCorr   .          Rampage  .   (gloves unavailable)
Will    .....                   (boots unavailable)
Stlth   +.........              (no amulet)
HPRegen 0.98/turn               (no ring)
MPRegen 0.10/turn               (no ring)

@: no status effects
A: large, unfitting armour, claws 3, regeneration 1, shaggy fur 1, tough skin 1
a: no special abilities


You were on level 4 of the Dungeon.
You visited 1 branch of the dungeon, and saw 4 of its levels.

You collected 137 gold pieces.

Inventory:

Hand Weapons
 m - the +8 spear of Glory {venom, rPois rC- Will++ Str+2}
   (You found it on level 2 of the Dungeon)

   It poisons the flesh of those it strikes.
   Str:       It affects your strength (+2).
   rC:        It makes you vulnerable to cold.
   rPois:     It protects you from poison.
   Will:      It greatly increases your willpower.
Missiles
 c - 5 boomerangs of dispersal (quivered)
 f - 172 stones
 h - 10 poisoned darts
Armour
 a - a +0 robe (worn)
Wands
 j - a wand of flame (22)
Scrolls
 b - a scroll of blinking
 g - 5 scrolls of identify {unknown}
 o - a scroll of enchant armour {unknown}
 p - 2 scrolls of fear {unknown}
Potions
 d - a potion of degeneration {unknown}
 e - 4 potions of curing
 i - 2 potions of brilliance {unknown}
 k - 2 potions of mutation {unknown}
 l - a potion of lignification {unknown}
 n - a potion of might {unknown}
 q - a potion of berserk rage {unknown}


   Skills:
 - Level 1.5 Fighting
 - Level 0.8 Throwing
 + Level 3.6 Dodging
 + Level 4.3 Unarmed Combat
 - Level 1.2 Spellcasting
 + Level 3.6 Translocations


You had 7 spell levels left.
You didn't know any spells.
Your spell library contained the following spells:

 Spells                   Type           Power      Damage    Failure   Level
 Blink                    Tloc           16%        N/A       11%         2
 Gell's Gravitas          Tloc           8%         N/A       22%         3
 Lesser Beckoning         Tloc           8%         N/A       22%         3
 Teleport Other           Tloc           8%         N/A       22%         3
 Freeze                   Ice            0%         1d3       32%         1
 Frozen Ramparts          Ice            0%         1d2       67%         3
 Manifold Assault         Tloc           8%         N/A       89%         5
 Hailstorm                Conj/Ice       0%         3d3       97%         4


Dungeon Overview and Level Annotations

Branches:
Dungeon (4/15)
 Temple: D:4-7

Altars:
Makhleb
Sif Muna

Shops:
D:4 (


Innate Abilities, Weirdness & Mutations

You are too large for most types of armour.
You have claws for hands.
Your natural rate of healing is unusually fast.
You are covered in fur. (AC +1)
You have tough skin. (AC +1)


Message History

The kobold hits you but does no damage. The ogre barely misses you.
You scratch the ogre.
The ogre is severely wounded.
The kobold hits you with a +0 dagger.
You scratch the ogre but do no damage.
The ogre is severely wounded.
The ogre hits you with a +0 giant spiked club!
* * * LOW HITPOINT WARNING * * *
The kobold barely misses you.
You are too injured to fight recklessly!
You are too injured to fight recklessly!
You are too injured to fight recklessly!
You are too injured to fight recklessly!
You are too injured to fight recklessly!
You are too injured to fight recklessly!
You are too injured to fight recklessly!
You are too injured to fight recklessly!
You are too injured to fight recklessly!
You are too injured to fight recklessly!
You are too injured to fight recklessly!
You are too injured to fight recklessly!
You are too injured to fight recklessly!
You are too injured to fight recklessly!
You are too injured to fight recklessly!
You are too injured to fight recklessly!
You are too injured to fight recklessly!
You are too injured to fight recklessly!
You are too injured to fight recklessly!
You are too injured to fight recklessly!
You scratch the ogre.
The ogre is severely wounded.
The ogre barely misses you. The kobold hits you but does no damage.
You claw the ogre!
The ogre is almost dead.
You scratch the ogre.
The ogre is almost dead.
The kobold closely misses you.
The ogre hits you with a +0 giant spiked club!!
Ouch! That really hurt!
You die...

## .. .# .# .#
##### ##.##
#...###(..##
#.#....†#O.#
#...###.@K.#
##.#####.#.>....
#...............
##
#..########.##.#
. #.....# # #
#.#.#.####.# ##
#.........# #
...
#.#.#.####.#....
#.....#####.#.#


You could see an ogre and a kobold.

Vanquished Creatures
  A phantom (D:4)
  Jessica (D:2)
  An iguana (D:4)
  Natasha (thrice) (D:4)
  An orc wizard (D:4)
  Robin (D:2)
  5 adders (D:2)
  A worm (D:4)
  2 dart slugs (D:4)
  5 ball pythons
  4 endoplasms
  2 giant cockroaches
  17 goblins
  6 hobgoblins
  8 jackals
  4 quokkas
  4 bats
  6 frilled lizards
  8 kobolds
  5 rats
85 creatures vanquished.

Notes
Turn   | Place    | Note
-------+----------+-------------------------------------------
     0 | D:1      | Descartes the Troll Warper began the quest for the Orb.
     0 | D:1      | Reached XP level 1. HP: 19/19 MP: 1/1
   436 | D:1      | Reached XP level 2. HP: 27/27 MP: 2/2
   799 | D:2      | Noticed Robin
   803 | D:2      | Reached XP level 3. HP: 25/33 MP: 3/3
   870 | D:2      | Killed Robin
   986 | D:2      | Reached skill level 3 in Unarmed Combat
   986 | D:2      | Reached XP level 4. HP: 29/41 MP: 4/4
  1113 | D:2      | Noticed Jessica
  1117 | D:2      | Killed Jessica
  1152 | D:2      | Found a burning altar of Makhleb.
  1707 | D:2      | Identified the +8 spear of Glory {venom, rPois rC- Will++
                  | Str+2}
  1964 | D:3      | Reached XP level 5. HP: 48/48 MP: 5/5
  2209 | D:3      | Found a shimmering blue altar of Sif Muna.
  2291 | D:4      | Noticed Natasha
  2309 | D:4      | Killed Natasha
  2400 | D:4      | Noticed a phantom
  2422 | D:4      | Killed a phantom
  2443 | D:4      | Reached skill level 4 in Unarmed Combat
  2443 | D:4      | Reached XP level 6. HP: 35/55 MP: 6/6
  2558 | D:4      | Found Qaosiojeergh's Antique Weapon Boutique.
  2620 | D:4      | Noticed Natasha
  2627 | D:4      | Killed Natasha
  2657 | D:4      | Noticed Natasha
  2672 | D:4      | Killed Natasha
  2753 | D:4      | Demolished by an ogre

Illustrated notes

Levels and vault maps discovered:
D:1:      ebering_trefoil_3fold, layout_loops_ring, nrook_uturn
D:2:      layout_loops_ring, basic_altar, kennysheep_generic_room_9,
          uniq_jessica, uniq_robin
D:3:      layout_rooms, mainiacjoe_overflow_24_doors, grunt_ministairs_14
D:4:      layout_loops_ring, serial_shops, nicolae_shop_behind_doors,
          st_stairs_5, kennysheep_potato, uniq_natasha

Skill      XL: |  1  2  3  4  5 |
---------------+----------------+-----
Dodging        | 2 3 |  3.6
Unarmed Combat | 3 4 |  4.3
Translocations | 3 |  3.6
Fighting       | |  1.5
Throwing       | |  0.8
Spellcasting   | |  1.2

Action                   |  1- 3 |  4- 6 || total
-------------------------+-------+-------++-------
Melee: Unarmed           |    77 |   197 ||   274
       Punch             |     1 |     2 ||     3
 Stab: Sleeping          |     1 |       ||     1
Armor: Robe              |    19 |    73 ||    92
Dodge: Dodged            |    41 |    99 ||   140
